Workbook

Sheet Invoice
C2: RECEIPT INVOICE TEMPLATE
C3: INVOICE
J7: Receipt number: | K7: REC00015465
J9: Payment date: | K9: 43808
H12: Customer name: | I12: Probuilt, ltd
H13: Street Address: | I13: =IFERROR(INDEX(Customer!$B$6:$I$505,MATCH($I$12,Customer!$B$6:$B$505,0),2),"") -> 904 Coffman Alley
C14: Electrical constructions, ltd | H14: City, State, ZIP: | I14: =IFERROR(INDEX(Customer!$B$6:$I$505,MATCH($I$12,Customer!$B$6:$B$505,0),3)&", "&INDEX(Customer!$B$6:$I$505,MATCH($I$12,Customer!$B$6:$B$505,0),4)&", "&INDEX(Customer!$B$6:$I$505,MATCH($I$12,Customer!$B$6:$B$505,0),5),"") -> Bowling Green, Kentucky, 42103
C15: 1345 Fleming Street | H15: Phone: | I15: =IFERROR(INDEX(Customer!$B$6:$I$505,MATCH($I$12,Customer!$B$6:$B$505,0),6),"") -> 270-784-0665
C16: Port Charlotte, FL 33952 | H16: Email Address: | I16: =IFERROR(INDEX(Customer!$B$6:$I$505,MATCH($I$12,Customer!$B$6:$B$505,0),7),"") -> mark.peters@probuilt.com
C17: 204-298-7716 | H17: Contact: | I17: =IFERROR(INDEX(Customer!$B$6:$I$505,MATCH($I$12,Customer!$B$6:$B$505,0),8),"") -> Mark A Peters
C21: PRODUCT ID | D21: PRODUCT DESCRIPTION | E21: UNIT TYPE | F21: QUANTITY | G21: PRICE PER UNIT | H21: BASE AMOUNT | I21: TAX RATE | J21: TAX AMOUNT | K21: TOTAL
C22: =IFERROR(INDEX(Product!$B$6:$F$505,MATCH($D22,Product!$C$6:$C$505,0),MATCH(C$21,Product!$B$5:$F$5,0)),"") -> ID100700 | D22: AC power plug | E22: =IFERROR(INDEX(Product!$B$6:$F$505,MATCH($D22,Product!$C$6:$C$505,0),MATCH(E$21,Product!$B$5:$F$5,0)),"") -> Piece | F22: 750 | G22: =IFERROR(INDEX(Product!$B$6:$F$505,MATCH($D22,Product!$C$6:$C$505,0),MATCH(G$21,Product!$B$5:$F$5,0)),"") -> 15.563 | H22: =IFERROR(IF(OR(LEN($F22)=0,LEN($G22)=0),"",$F22*$G22),"") -> 11672.25 | I22: =IFERROR(INDEX(Product!$B$6:$F$505,MATCH($D22,Product!$C$6:$C$505,0),MATCH(I$21,Product!$B$5:$F$5,0)),"") -> 0.2 | J22: =IFERROR($H22*$I22,"") -> 2334.45 | K22: =IFERROR($H22+$J22,"") -> 14006.7
C23: =IFERROR(INDEX(Product!$B$6:$F$505,MATCH($D23,Product!$C$6:$C$505,0),MATCH(C$21,Product!$B$5:$F$5,0)),"") -> ID100701 | D23: Circuit breaker | E23: =IFERROR(INDEX(Product!$B$6:$F$505,MATCH($D23,Product!$C$6:$C$505,0),MATCH(E$21,Product!$B$5:$F$5,0)),"") -> Piece | F23: 1000 | G23: =IFERROR(INDEX(Product!$B$6:$F$505,MATCH($D23,Product!$C$6:$C$505,0),MATCH(G$21,Product!$B$5:$F$5,0)),"") -> 20.5 | H23: =IFERROR(IF(OR(LEN($F23)=0,LEN($G23)=0),"",$F23*$G23),"") -> 20500 | I23: =IFERROR(INDEX(Product!$B$6:$F$505,MATCH($D23,Product!$C$6:$C$505,0),MATCH(I$21,Product!$B$5:$F$5,0)),"") -> 0.2 | J23: =IFERROR($H23*$I23,"") -> 4100 | K23: =IFERROR($H23+$J23,"") -> 24600
C24: =IFERROR(INDEX(Product!$B$6:$F$505,MATCH($D24,Product!$C$6:$C$505,0),MATCH(C$21,Product!$B$5:$F$5,0)),"") -> ID100702 | D24: Electrical connector | E24: =IFERROR(INDEX(Product!$B$6:$F$505,MATCH($D24,Product!$C$6:$C$505,0),MATCH(E$21,Product!$B$5:$F$5,0)),"") -> Piece | F24: 500 | G24: =IFERROR(INDEX(Product!$B$6:$F$505,MATCH($D24,Product!$C$6:$C$505,0),MATCH(G$21,Product!$B$5:$F$5,0)),"") -> 100.6 | H24: =IFERROR(IF(OR(LEN($F24)=0,LEN($G24)=0),"",$F24*$G24),"") -> 50300 | I24: =IFERROR(INDEX(Product!$B$6:$F$505,MATCH($D24,Product!$C$6:$C$505,0),MATCH(I$21,Product!$B$5:$F$5,0)),"") -> 0.2 | J24: =IFERROR($H24*$I24,"") -> 10060 | K24: =IFERROR($H24+$J24,"") -> 60360
C25: =IFERROR(INDEX(Product!$B$6:$F$505,MATCH($D25,Product!$C$6:$C$505,0),MATCH(C$21,Product!$B$5:$F$5,0)),"") -> ID100703 | D25: Electrical wiring | E25: =IFERROR(INDEX(Product!$B$6:$F$505,MATCH($D25,Product!$C$6:$C$505,0),MATCH(E$21,Product!$B$5:$F$5,0)),"") -> Piece | F25: 500 | G25: =IFERROR(INDEX(Product!$B$6:$F$505,MATCH($D25,Product!$C$6:$C$505,0),MATCH(G$21,Product!$B$5:$F$5,0)),"") -> 7.43 | H25: =IFERROR(IF(OR(LEN($F25)=0,LEN($G25)=0),"",$F25*$G25),"") -> 3715 | I25: =IFERROR(INDEX(Product!$B$6:$F$505,MATCH($D25,Product!$C$6:$C$505,0),MATCH(I$21,Product!$B$5:$F$5,0)),"") -> 0.18 | J25: =IFERROR($H25*$I25,"") -> 668.7 | K25: =IFERROR($H25+$J25,"") -> 4383.7
C26: =IFERROR(INDEX(Product!$B$6:$F$505,MATCH($D26,Product!$C$6:$C$505,0),MATCH(C$21,Product!$B$5:$F$5,0)),"") -> ID100704 | D26: Switches | E26: =IFERROR(INDEX(Product!$B$6:$F$505,MATCH($D26,Product!$C$6:$C$505,0),MATCH(E$21,Product!$B$5:$F$5,0)),"") -> Piece | F26: 100 | G26: =IFERROR(INDEX(Product!$B$6:$F$505,MATCH($D26,Product!$C$6:$C$505,0),MATCH(G$21,Product!$B$5:$F$5,0)),"") -> 12.5 | H26: =IFERROR(IF(OR(LEN($F26)=0,LEN($G26)=0),"",$F26*$G26),"") -> 1250 | I26: =IFERROR(INDEX(Product!$B$6:$F$505,MATCH($D26,Product!$C$6:$C$505,0),MATCH(I$21,Product!$B$5:$F$5,0)),"") -> 0.2 | J26: =IFERROR($H26*$I26,"") -> 250 | K26: =IFERROR($H26+$J26,"") -> 1500
C27: =IFERROR(INDEX(Product!$B$6:$F$505,MATCH($D27,Product!$C$6:$C$505,0),MATCH(C$21,Product!$B$5:$F$5,0)),"") | E27: =IFERROR(INDEX(Product!$B$6:$F$505,MATCH($D27,Product!$C$6:$C$505,0),MATCH(E$21,Product!$B$5:$F$5,0)),"") | G27: =IFERROR(INDEX(Product!$B$6:$F$505,MATCH($D27,Product!$C$6:$C$505,0),MATCH(G$21,Product!$B$5:$F$5,0)),"") | H27: =IFERROR(IF(OR(LEN($F27)=0,LEN($G27)=0),"",$F27*$G27),"") | I27: =IFERROR(INDEX(Product!$B$6:$F$505,MATCH($D27,Product!$C$6:$C$505,0),MATCH(I$21,Product!$B$5:$F$5,0)),"") | J27: =IFERROR($H27*$I27,"") | K27: =IFERROR($H27+$J27,"")
C28: =IFERROR(INDEX(Product!$B$6:$F$505,MATCH($D28,Product!$C$6:$C$505,0),MATCH(C$21,Product!$B$5:$F$5,0)),"") | E28: =IFERROR(INDEX(Product!$B$6:$F$505,MATCH($D28,Product!$C$6:$C$505,0),MATCH(E$21,Product!$B$5:$F$5,0)),"") | G28: =IFERROR(INDEX(Product!$B$6:$F$505,MATCH($D28,Product!$C$6:$C$505,0),MATCH(G$21,Product!$B$5:$F$5,0)),"") | H28: =IFERROR(IF(OR(LEN($F28)=0,LEN($G28)=0),"",$F28*$G28),"") | I28: =IFERROR(INDEX(Product!$B$6:$F$505,MATCH($D28,Product!$C$6:$C$505,0),MATCH(I$21,Product!$B$5:$F$5,0)),"") | J28: =IFERROR($H28*$I28,"") | K28: =IFERROR($H28+$J28,"")
C29: =IFERROR(INDEX(Product!$B$6:$F$505,MATCH($D29,Product!$C$6:$C$505,0),MATCH(C$21,Product!$B$5:$F$5,0)),"") | E29: =IFERROR(INDEX(Product!$B$6:$F$505,MATCH($D29,Product!$C$6:$C$505,0),MATCH(E$21,Product!$B$5:$F$5,0)),"") | G29: =IFERROR(INDEX(Product!$B$6:$F$505,MATCH($D29,Product!$C$6:$C$505,0),MATCH(G$21,Product!$B$5:$F$5,0)),"") | H29: =IFERROR(IF(OR(LEN($F29)=0,LEN($G29)=0),"",$F29*$G29),"") | I29: =IFERROR(INDEX(Product!$B$6:$F$505,MATCH($D29,Product!$C$6:$C$505,0),MATCH(I$21,Product!$B$5:$F$5,0)),"") | J29: =IFERROR($H29*$I29,"") | K29: =IFERROR($H29+$J29,"")
C30: =IFERROR(INDEX(Product!$B$6:$F$505,MATCH($D30,Product!$C$6:$C$505,0),MATCH(C$21,Product!$B$5:$F$5,0)),"") | E30: =IFERROR(INDEX(Product!$B$6:$F$505,MATCH($D30,Product!$C$6:$C$505,0),MATCH(E$21,Product!$B$5:$F$5,0)),"") | G30: =IFERROR(INDEX(Product!$B$6:$F$505,MATCH($D30,Product!$C$6:$C$505,0),MATCH(G$21,Product!$B$5:$F$5,0)),"") | H30: =IFERROR(IF(OR(LEN($F30)=0,LEN($G30)=0),"",$F30*$G30),"") | I30: =IFERROR(INDEX(Product!$B$6:$F$505,MATCH($D30,Product!$C$6:$C$505,0),MATCH(I$21,Product!$B$5:$F$5,0)),"") | J30: =IFERROR($H30*$I30,"") | K30: =IFERROR($H30+$J30,"")
C31: =IFERROR(INDEX(Product!$B$6:$F$505,MATCH($D31,Product!$C$6:$C$505,0),MATCH(C$21,Product!$B$5:$F$5,0)),"") | E31: =IFERROR(INDEX(Product!$B$6:$F$505,MATCH($D31,Product!$C$6:$C$505,0),MATCH(E$21,Product!$B$5:$F$5,0)),"") | G31: =IFERROR(INDEX(Product!$B$6:$F$505,MATCH($D31,Product!$C$6:$C$505,0),MATCH(G$21,Product!$B$5:$F$5,0)),"") | H31: =IFERROR(IF(OR(LEN($F31)=0,LEN($G31)=0),"",$F31*$G31),"") | I31: =IFERROR(INDEX(Product!$B$6:$F$505,MATCH($D31,Product!$C$6:$C$505,0),MATCH(I$21,Product!$B$5:$F$5,0)),"") | J31: =IFERROR($H31*$I31,"") | K31: =IFERROR($H31+$J31,"")
C55: Adittional notes:
I56: BASE AMOUNT : | K56: =SUM($H$22:$H$51) -> 87437.25
I57: DISCOUNT : | K57: 600
I58: VAT : | K58: =IF($K$56=0,"",SUM($J$22:$J$51)-$K$57*0.2) -> 17293.15
I59: TOTAL AMOUNT : | K59: =IFERROR($K$56-$K$57+$K$58,"") -> 104130.4

Sheet Customer
B2: RECEIPT INVOICE TEMPLATE
B3: CUSTOMER DATABASE
B5: COMPANY NAME | C5: STREET ADDRESS | D5: CITY | E5: STATE | F5: ZIP CODE | G5: PHONE | H5: EMAIL | I5: CONTACT
B6: Ecobuilt, ltd | C6: 3904 Fleming Street | D6: Montgomery | E6: Alabama | F6: 36410 | G6: 334-354-5555 | H6: maricela.scott@ecobuilt.com | I6: Maricela C Scott
B7: Probuilt, ltd | C7: 904 Coffman Alley | D7: Bowling Green | E7: Kentucky | F7: 42103 | G7: 270-784-0665 | H7: mark.peters@probuilt.com | I7: Mark A Peters
B8: Construction Platinum, ltd | C8: 1357 Gerald L. Bates Drive | D8: Boston | E8: Massachusetts | F8: 12110 | G8: 617-824-0344 | H8: william.renzi@platinum.com | I8: William P Renzi
B9: Ction, ltd | C9: 3618 Cheshire Road | D9: Bridgeport | E9: Connecticut | F9: 36604 | G9: 203-337-3374 | H9: gary.brewer@ction.com | I9: Gary P Brewer
B10: Coservices, ltd | C10: 2815 Hidden Meadow Drive | D10: Kulm | E10: North Dakota | F10: 58456 | G10: 701-647-2278 | H10: susan.carroll@coservices.com | I10: Susan J Carroll

Sheet Product
B2: RECEIPT INVOICE TEMPLATE
B3: PRODUCT DATABASE
B5: PRODUCT ID | C5: PRODUCT DESCRIPTION | D5: UNIT TYPE | E5: PRICE PER UNIT | F5: TAX RATE
B6: ID100700 | C6: AC power plug | D6: Piece | E6: 15.563 | F6: 0.2
B7: ID100701 | C7: Circuit breaker | D7: Piece | E7: 20.5 | F7: 0.2
B8: ID100702 | C8: Electrical connector | D8: Piece | E8: 100.6 | F8: 0.2
B9: ID100703 | C9: Electrical wiring | D9: Piece | E9: 7.43 | F9: 0.18
B10: ID100704 | C10: Switches | D10: Piece | E10: 12.5 | F10: 0.2
